 Dungeon Crawl Stone Soup version 0.25-a0-424-g80bd347ae0 (webtiles) character file.

Game seed: 2233099258194057755, levelgen mode: deterministic

53 Nattfarinn the Caller (level 3, 0/20 HPs)
             Began as a Tengu Summoner on Jan 23, 2020.
             Slain by a worm (5 damage)
             ... on level 2 of the Dungeon.
             The game lasted 00:02:45 (1679 turns).

Nattfarinn the Caller (Tengu Summoner)              Turns: 1679, Time: 00:02:46

Health: 0/20       AC:  2    Str:  9    XL:     3   Next: 87%
Magic:  7/7        EV: 13    Int: 15    God:
Gold:   29         SH:  0    Dex: 14    Spells: 5/6 levels left

rFire    . . .     SeeInvis .   e - +0 dagger
rCold    . . .     Gourm    .   (no shield)
rNeg     . . .     Faith    .   a - +0 robe
rPois    .         Spirit   .   (helmet restricted)
rElec    .         Reflect  .   (no cloak)
rCorr    .         Harm     .   (no gloves)
MR       .....                  (boots unavailable)
Stlth    ++........             (no amulet)
HPRegen  0.06/turn              (no ring)
MPRegen  0.10/turn              (no ring)

@: no status effects
A: beak, talons 3
a: no special abilities


You were on level 2 of the Dungeon.
You were not hungry.

You visited 1 branch of the dungeon, and saw 2 of its levels.

You collected 29 gold pieces.

Inventory:

Hand Weapons
 e - a +0 dagger (weapon)
Armour
 a - a +0 robe (worn)
Scrolls
 b - a scroll of enchant weapon {unknown}
 d - 2 scrolls of remove curse {unknown}
 f - a scroll of enchant armour {unknown}
 h - a scroll of identify {unknown}
Potions
 g - a potion of heal wounds {unknown}
 i - 2 potions of cancellation {unknown}
 k - a potion of degeneration {unknown}
Comestibles
 c - 2 rations
 j - 4 chunks of flesh


   Skills:
 + Level 1.2 Fighting
 + Level 1.2 Armour
 + Level 2.6 Dodging
 - Level 2.0 Stealth
 + Level 2.3 Spellcasting
 * Level 5.4 Summonings


You had 5 spell levels left.
You knew the following spells:

 Your Spells              Type           Power        Failure   Level  Hunger
a - Summon Small Mammal   Summ           ###.         2%          1    #......

Your spell library contained the following spells:

 Spells                   Type           Power        Failure   Level  Hunger
 Call Imp                 Summ           ###.....     3%          2    ###....
 Call Canine Familiar     Summ           ###.....     7%          3    ###....
 Summon Guardian Golem    Hex/Summ       #.......     22%         3    ###....
 Summon Ice Beast         Ice/Summ       #.......     56%         4    #####..
 Summon Lightning Spire   Summ/Air       #.......     56%         4    #####..


Dungeon Overview and Level Annotations

Branches:
Dungeon (2/15)

Altars:


Innate Abilities, Weirdness & Mutations

You have a beak for a mouth.
You have claws for feet.


Message History

The worm bites you but does no damage.
You hit the worm but do no damage. You claw the worm, but do no damage.
The worm is severely wounded.
You hit the worm but do no damage. You peck the worm.
The worm is severely wounded.
The worm closely misses you.
You hit the worm but do no damage. You claw the worm.
The worm is almost dead.
The worm barely misses you.
You hit the worm but do no damage. You claw the worm, but do no damage.
The worm is severely wounded.
You hit the worm.
The worm is almost dead.
The worm barely misses you.
You hit the worm. You peck the worm, but do no damage.
The worm is almost dead.
You hit the worm.
The worm is almost dead.
The worm bites you.
You die...

.........# #......รท..#
#.#
#####.##########.........#
#.# # #...............#
#.# ##.#####.........# #.#
#..##............# #.#
#.###............# #.# #.#
#............# #.# #.#
##.########### #.# #.#
#..@w[...# #.# #.#
########.# ###.# #.#
##...## #.# #.....#
#.####### #.....#
#.......# #.....#
#######.# ##...## #.#
##.## #.# # #.#


You could see a worm.

Vanquished Creatures
  An adder (D:2)
  2 dart slugs (D:1)
  A leopard gecko (D:1)
  4 hobgoblins
  6 jackals (D:1)
  3 kobolds (D:1)
  4 bats
  2 frilled lizards (D:1)
  6 goblins
  6 rats
35 creatures vanquished.

Vanquished Creatures (collateral kills)
  A goblin (D:1)
  3 hobgoblins (D:1)
  A jackal (D:1)
  A rat (D:1)
6 creatures vanquished.

Grand Total: 41 creatures vanquished

Notes
Turn   | Place    | Note
-------+----------+-------------------------------------------
     0 | D:1      | Nattfarinn the Tengu Summoner began the quest for the Orb.
     0 | D:1      | Reached XP level 1. HP: 10/10 MP: 4/4
    77 | D:1      | Reached skill level 5 in Summonings
   458 | D:1      | Reached XP level 2. HP: 15/16 MP: 3/6
   655 | D:1      | Reached XP level 3. HP: 17/20 MP: 7/7
   682 | D:1      | Reached skill level 1 in Fighting
   696 | D:1      | Reached skill level 1 in Armour
   729 | D:1      | HP: 1/20 [hobgoblin (3)]
  1679 | D:2      | Slain by a worm

Levels and vault maps discovered:
D:1:      saegor_arrival_simple_e, layout_basic
D:2:      layout_loops_ring, nicolae_overflow_hidden_temple, first_ration,
          uniq_crazy_yiuf_cottage

Skill      XL: |  1  2  3 |
---------------+----------+-----
Summonings     | 5 |  5.4
Fighting       | 1 |  1.2
Armour         | 1 |  1.2
Dodging        | |  2.6
Stealth        | |  2.0
Spellcasting   | |  2.3

Action                   || total
-------------------------++-------
Melee: Dagger            ||   110
       Kick              ||    26
       Unarmed           ||     3
       Peck              ||    18
 Cast: Summon Small Mamm ||    10
 Stab: Sleeping          ||     7
  Eat: Chunk             ||     3
Armor: Robe              ||    15
Dodge: Dodged            ||    81

Table legend:
 A = Non-vault XP
 B = Vault XP
 C = Vault XP percentage of total XP
 D = Non-vault monster count
 E = Vault monster count
 F = Vault count percentage of total count
                 A         B        C        D         E       F
            +---------+---------+-------+---------+---------+-------
      Total |      76 |       0 |   0.0 |      41 |       0 |   0.0
            +---------+---------+-------+---------+---------+-------
        D:1 |      54 |       0 |   0.0 |      34 |       0 |   0.0
        D:2 |      22 |       0 |   0.0 |       7 |       0 |   0.0
            +---------+---------+-------+---------+---------+-------
